 Dungeon Crawl Stone Soup version 0.30.0-10-gfe55d96785 (webtiles) character file.

Game seed: 357945339069240705

90084 Farfigtubin the Severer (level 16, -8/127 HPs)
             Began as a Formicid Fighter on May 12, 2023.
             Was a High Priest of Uskayaw.
             Mangled by a spriggan defender simulacrum (19 damage)
             ... in an ice cave on May 13, 2023.
             The game lasted 02:18:10 (23848 turns).

Farfigtubin the Severer (Formicid Fighter)         Turns: 23848, Time: 02:18:10

Health: -8/127     AC: 22    Str: 26    XL:     16   Next: 46%
Magic:  23/23      EV: 11    Int: 11    God:    Uskayaw [*****.]
Gold:   2291       SH: 12    Dex: 13    Spells: 15/15 levels left

rFire   + . .        M - +4 battleaxe (freeze)
rCold   + . .        i - +2 kite shield
rNeg    . . .        U - +2 chain mail {Will+}
rPois   +            (helmet unavailable)
rElec   +            S - +0 cloak
rCorr   +            g - +1 pair of gloves of the Onion {rElec rCorr Slay+2}
SInv    +            q - +0 pair of boots
Will    ++...        I - amulet of faith Stlth
                     l - ring of poison resistance
HPRegen 0.41/turn    W - +4 ring of protection
MPRegen 0.18/turn

%: faith
@: resistant, invisible
A: permanent stasis, dig shafts and tunnels, antennae 3, four strong arms
a: Dig, Renounce Religion, Stomp, Line Pass, Grand Finale


You were in an ice cave.
You worshipped Uskayaw.
Uskayaw was aware of your devotion.
You visited 4 branches of the dungeon, and saw 23 of its levels.
You also visited: Gauntlet and Ice Cave.

You collected 2423 gold pieces.
You spent 132 gold pieces at shops.

Inventory:

Hand Weapons
 a - a +2 heavy dire flail
 M - a +4 battleaxe of freezing (weapon)
Missiles
 k - 9 boomerangs (quivered)
 p - a throwing net
 s - 8 silver javelins
 u - 52 poisoned darts
 Y - 7 javelins
Armour
 g - the +1 pair of gloves of the Onion (worn) {rElec rCorr Slay+2}
   (You found it in a Gauntlet)

   Slay:      It affects your accuracy & damage with ranged weapons and melee
   (+2).
   rElec:     It insulates you from electricity.
   rCorr:     It protects you from acid and corrosion.
 i - a +2 kite shield (worn)
 q - a +0 pair of boots (worn)
 S - a +0 cloak (worn)
 U - a +2 chain mail of willpower (worn)
Jewellery
 l - a ring of poison resistance (left hand)
 I - an amulet of faith (around neck)
 W - a +4 ring of protection (right hand)
Wands
 D - a wand of flame (58)
 G - a wand of polymorph (4)
 L - a wand of paralysis (13)
 X - a wand of mindburst (13)
Scrolls
 f - 6 scrolls of immolation
 j - a scroll of identify
 m - 7 scrolls of fear
 n - 5 scrolls of amnesia {unknown}
 o - 2 scrolls of enchant armour
 w - a scroll of silence {unknown}
 y - 5 scrolls of poison
 H - 4 scrolls of enchant weapon
 Z - a scroll of summoning {unknown}
Potions
 b - 2 potions of magic {unknown}
 c - 3 potions of cancellation {unknown}
 d - 3 potions of might
 e - 16 potions of curing
 h - 2 potions of resistance
 v - 7 potions of heal wounds
 A - 3 potions of invisibility
 F - 2 potions of berserk rage {unknown}
 J - a potion of attraction {unknown}
 K - 4 potions of ambrosia
Miscellaneous
 t - a phial of floods
 x - a lightning rod (4/4)
 B - a box of beasts
 T - a phantom mirror
 V - a piece from Xom's chessboard (15/15)


   Skills:
 - Level 12.0 Fighting
 - Level 20.0 Axes
 * Level 7.5 Throwing
 - Level 10.0 Armour
 + Level 6.7 Dodging
 + Level 8.7 Shields
 - Level 10.0 Invocations


You had 15 spell levels left.
You didn't know any spells.
Your spell library contained the following spells:

 Spells                   Type           Power      Damage    Failure   Level
 Apportation              Tloc           0%         N/A       94%         1
 Necrotise                Necr           0%         1d4       94%         1
 Shock                    Conj/Air       0%         1d3       94%         1
 Sting                    Tmut/Pois      0%         1d3       94%         1
 Cigotuvi's Dreadful Rot  Necr/Pois/Air  0%         N/A       98%         2
 Poisonous Vapours        Pois/Air       0%         N/A       98%         2
 Ignite Poison            Fire/Tmut/Pois 0%         N/A       100%        3
 Tukima's Dance           Hex            0%         N/A       100%        3
 Vampiric Draining        Necr           0%         2d6       100%        3
 Airstrike                Air            0%         2d(0-16)  100%        4
 Olgreb's Toxic Radiance  Pois           0%         N/A       100%        4
 Passage of Golubria      Tloc           0%         N/A       100%        4
 Agony                    Necr           0%         N/A       100%        5
 Alistair's Intoxication  Tmut/Pois      0%         N/A       100%        5
 Freezing Cloud           Conj/Ice/Air   0%         6-21      100%        5
 Yara's Violent Unravell  Hex/Tmut       0%         3d3       100%        5
 Swiftness                Air            Unusable   N/A       N/A         3

Dungeon Overview and Level Annotations

Branches:
Dungeon (15/15)            Temple (1/1) D:4            Lair (5/5) D:10
  Swamp (0/4) Lair:3       Spider (0/4) Lair:3        Slime (0/5) Lair:4
    Orc (2/2) D:12            Elf (0/3) Orc:2        Vaults (0/5) D:13
  IceCv (1/1)             Gauntlet (visited)
 Depths: D:15

Altars:
Ashenzari
Cheibriados
Dithmenos
Elyvilon
Fedhas
Gozag
Hepliaklqana
Kikubaaqudgha
Makhleb
Nemelex Xobeh
Okawaru
Qazlal
Ru
Sif Muna
Trog
Uskayaw
Vehumet
Wu Jian
Xom
Yredelemnul
Zin
The Shining One
Jiyva

Shops:
D:3 =   D:7 (   Orc:2 [!([

Annotations:
Lair:2 exclusion: oklob plant


Innate Abilities, Weirdness & Mutations

You cannot be hasted, slowed, berserked, paralysed or teleported.
You can dig through walls and to a lower floor.
You have a pair of large antennae on your head. (SInv)
Your four strong arms can wield two-handed weapons with a shield.


Message History

You miss the spriggan defender simulacrum.
The spriggan defender simulacrum is severely damaged.
The lindwurm simulacrum is no longer paralysed.
The spriggan defender simulacrum barely misses you.
You closely miss the spriggan defender simulacrum.
The spriggan defender simulacrum is severely damaged.
You slash the minotaur simulacrum!
The spriggan defender simulacrum hits you.
The spriggan defender simulacrum freezes you!!
The minotaur simulacrum hits you! The minotaur simulacrum freezes you!!!
* * * LOW HITPOINT WARNING * * *
The minotaur simulacrum gores you but does no damage.
You can now merge with and destroy a victim.
Okay, then.
Unknown command.
Press: ? - help, v - describe, . - travel
Here: a spriggan defender simulacrum (freezing vapour, almost destroyed, sharing its pain)
The floor, spattered with blood.
You fade into invisibility!
The lindwurm simulacrum is no longer sharing its pain.
The minotaur simulacrum is no longer sharing its pain.
The spriggan defender simulacrum hits you but does no damage.
You block the spriggan defender simulacrum's attack.
The alligator simulacrum is no longer sharing its pain.
You feel much better.
The minotaur simulacrum is no longer sharing its pain.
You block the minotaur simulacrum's attack.
The minotaur simulacrum gores you but does no damage.
You feel protected.
The alligator simulacrum is no longer sharing its pain.
The spriggan defender simulacrum hits you!
* * * LOW HITPOINT WARNING * * *
The spriggan defender simulacrum freezes you!
You resist.
* * * LOW HITPOINT WARNING * * *
The spriggan defender simulacrum hits you!
* * * LOW HITPOINT WARNING * * *
The spriggan defender simulacrum freezes you!!
You resist.
You die...

##.. #≈#≈## #≈≈≈≈≈## #
≈≈≈≈≈≈ .# #### ≈≈≈≈#
..# ##..## #..## ....
##....#####..## .....
#.......##..@Z##......
#.∩.∩.......#ZZZ......
#..........###ZZ......
##....##..## ###......
##..###### #..... ####
..... ...# .## ##


You could see 2 alligator simulacra, a lindwurm simulacrum (unable to see you),
a spriggan defender simulacrum (unable to see you, pain bonded) and 2 minotaur
simulacra.

Vanquished Creatures
  Kirke (Lair:4)
  A stone giant (Orc:2)
  A minotaur (Gauntlet)
  A fire dragon (Lair:5)
  A hell beast (Gauntlet)
  Harold (D:10)
  4 hydras
  A rakshasa (D:14)
  2 boulder beetles
  A catoblepas (Lair:1)
  Erica (D:10)
  7 centaur warriors
  An ogre mage (D:13)
  8 two-headed ogres
  An orc high priest (Orc:2)
  A death yak (Lair:3)
  A skyshark (Lair:2)
  5 skeletal warriors (D:12)
  Lodul (D:10)
  A swamp dragon (Lair:5)
  2 bog bodies (Lair:3)
  A wizard (D:14)
  9 orc knights
  An oklob plant (Lair:4)
  Pikel (D:4)
  15 ugly things
  6 cyclopes
  4 orc sorcerers
  4 manticores
  23 elephants
  8 centaur zombies (D:11)
  2 black mambas
  Joseph (D:7)
  2 gargoyles
  11 cane toads
  A demonic crawler (Lair:3)
  A rime drake (Lair:4)
  An efreet (D:14)
  12 komodo dragons
  2 ice devils (IceCv)
  A yaktaur (D:13)
  2 anaconda simulacra (IceCv)
  A freezing wraith (IceCv)
  2 burning bushes (Lair:3)
  5 trolls
  5 blink frogs (Lair:5)
  6 saltlings (Orc:2)
  A raiju (Gauntlet)
  2 hornets
  2 meliai zombies (D:11)
  6 dream sheep (Lair:5)
  5 slime creatures
  2 dire elephant simulacra (IceCv)
  3 wraiths
  22 yaks
  8 wyverns
  A hog (Lair:4)
  4 steam dragons
  A human (D:12)
  Grum (D:11)
  6 basilisks
  6 vampire mosquitoes
  A harpy simulacrum (IceCv)
  Edmund (D:5)
  3 swamp worms (Lair:3)
  4 wargs
  Menkaure (D:4)
  6 acid dragons
  Duvessa (D:5)
  18 water moccasins
  3 sky beasts
  A swamp drake (Lair:5)
  28 orc warriors
  A black bear (D:5)
  18 wolves
  13 ogres
  9 centaurs
  A phantom (D:4)
  5 kobold brigands
  8 bullfrogs
  4 scorpions
  2 gnoll sergeants
  11 wights
  Dowan (D:5)
  8 killer bees
  An electric eel (Lair:3)
  A howler monkey (D:10)
  4 hounds
  4 jellies
  A gnoll bouda (D:5)
  10 orc priests
  7 iguanas
  A boggart zombie (D:11)
  22 orc wizards
  7 hell rats (Lair:2)
  A lightning spire (Gauntlet)
  Robin (D:3)
  A howler monkey zombie (D:11)
  15 gnolls
  12 adders
  3 shadow imps
  An ufetubus (D:5)
  6 worms (Lair:3)
  3 dart slugs
  79 orcs
  14 ball pythons
  6 bats
  4 endoplasms
  4 giant cockroaches
  12 goblins
  8 hobgoblins
  5 jackals (D:1)
  5 quokkas
  6 frilled lizards
  34 kobolds
  8 rats
  A spectral hobgoblin (D:12)
675 creatures vanquished.

Vanquished Creatures (others)
  A human (Lair:4)
  2 orcs (D:6)
3 creatures vanquished.

Grand Total: 678 creatures vanquished

Notes
Turn   | Place    | Note
-------+----------+-------------------------------------------
     0 | D:1      | Farfigtubin the Formicid Fighter began the quest for the
                  | Orb.
     0 | D:1      | Reached XP level 1. HP: 18/18 MP: 1/1
   153 | D:1      | Reached XP level 2. HP: 24/24 MP: 2/2
   447 | D:1      | Reached XP level 3. HP: 30/30 MP: 3/3
   515 | D:1      | Reached skill level 3 in Axes
  1003 | D:2      | Reached XP level 4. HP: 34/37 MP: 4/4
  1207 | D:2      | Reached skill level 4 in Axes
  1473 | D:2      | Reached XP level 5. HP: 42/42 MP: 5/5
  1670 | D:3      | You fall into a shaft and drop 2 floors!
  1670 | D:5      | Entered Level 5 of the Dungeon
  1730 | D:5      | Reached XP level 6. HP: 44/49 MP: 6/6
  1857 | D:3      | Reached skill level 5 in Axes
  2196 | D:3      | Reached skill level 5 in Fighting
  2198 | D:3      | Noticed Robin
  2211 | D:3      | Killed Robin
  2219 | D:3      | Found Gepsum's Jewellery Boutique.
  2752 | D:4      | Noticed an ogre
  2759 | D:4      | Killed an ogre
  2760 | D:4      | Reached XP level 7. HP: 56/56 MP: 7/7
  2789 | D:4      | Reached skill level 6 in Axes
  2903 | D:4      | Found a staircase to the Ecumenical Temple.
  2913 | Temple   | Entered the Ecumenical Temple
  3141 | D:4      | Noticed Pikel
  3163 | D:4      | Killed Pikel
  3164 | D:4      | Reached skill level 7 in Axes
  3164 | D:4      | Reached XP level 8. HP: 31/65 MP: 8/8
  3372 | D:4      | Noticed Menkaure
  3381 | D:4      | Killed Menkaure
  3392 | D:4      | Found an ancient bone altar of Kikubaaqudgha.
  3392 | D:4      | Found a blossoming altar of Fedhas.
  3958 | D:5      | Reached skill level 8 in Axes
  4039 | D:5      | Noticed Edmund
  4049 | D:5      | Killed Edmund
  4095 | D:5      | Found a burning altar of Makhleb.
  4104 | D:5      | Found a sparkling altar of Nemelex Xobeh.
  4580 | D:5      | Reached XP level 9. HP: 72/72 MP: 9/9
  4661 | D:5      | Noticed Duvessa
  4661 | D:5      | Noticed Dowan
  4664 | D:5      | Killed Dowan
  4671 | D:5      | Killed Duvessa
  4672 | D:5      | Reached skill level 9 in Axes
  4672 | D:5      | Reached skill level 1 in Throwing
  5509 | D:7      | Reached skill level 10 in Axes
  5787 | D:7      | Found Gecixy's Antique Weapon Boutique.
  5807 | D:7      | Reached XP level 10. HP: 79/82 MP: 10/10
  6276 | D:7      | Reached skill level 11 in Axes
  6533 | D:7      | Noticed Joseph
  6556 | D:7      | Killed Joseph
  7352 | Temple   | Became a worshipper of Uskayaw the Reveller
  7504 | D:8      | Noticed a two-headed ogre
  7509 | D:8      | Reached * piety under Uskayaw
  7510 | D:8      | Reached ** piety under Uskayaw
  7515 | D:8      | Reached *** piety under Uskayaw
  7517 | D:8      | Killed a two-headed ogre
  7517 | D:8      | Reached **** piety under Uskayaw
  7676 | D:8      | Noticed a gargoyle
  7684 | D:8      | Reached ***** piety under Uskayaw
  7691 | D:8      | Killed a gargoyle
  7692 | D:8      | Reached skill level 5 in Shields
  7704 | D:8      | Reached skill level 12 in Axes
  8128 | D:8      | Reached XP level 11. HP: 76/90 MP: 11/11
  8133 | D:8      | Reached skill level 10 in Fighting
  8482 | D:8      | Found a snail-covered altar of Cheibriados.
  8953 | D:9      | Noticed a centaur warrior
  8958 | D:9      | Killed a centaur warrior
  8958 | D:9      | Reached ****** piety under Uskayaw
  9148 | D:9      | Reached skill level 13 in Axes
  9546 | D:10     | Entered Level 10 of the Dungeon
  9582 | D:10     | Noticed a two-headed ogre
  9598 | D:10     | Killed a two-headed ogre
  9720 | D:10     | Found an opulent altar of Gozag.
  9902 | D:10     | Found a stormy altar of Qazlal.
  9902 | D:10     | Found a glowing silver altar of Zin.
  9992 | D:10     | Found a staircase to the Lair.
 10339 | D:10     | Noticed Lodul
 10374 | D:10     | Killed Lodul
 10375 | D:10     | Reached XP level 12. HP: 85/100 MP: 12/12
 10421 | D:10     | Noticed Erica
 10440 | D:10     | Killed Erica
 10441 | D:10     | Reached skill level 14 in Axes
 10720 | D:10     | Noticed Harold
 10733 | D:10     | Killed Harold
 10970 | Lair:1   | Entered Level 1 of the Lair of Beasts
 11014 | Lair:1   | Noticed a catoblepas
 11027 | Lair:1   | Killed a catoblepas
 11094 | Lair:1   | Reached skill level 5 in Armour
 11160 | Lair:1   | Found a gate leading to a gauntlet.
 11174 | Gauntlet | Entered a Gauntlet
 11174 | Gauntlet | Found a large runed translucent door.
 11174 | Gauntlet | Found a large runed translucent door.
 11174 | Gauntlet | Found a large runed translucent door.
 11174 | Gauntlet | Found a large runed translucent door.
 11174 | Gauntlet | Found a large runed translucent door.
 11174 | Gauntlet | Found a large runed translucent door.
 11174 | Gauntlet | Found a large runed translucent door.
 11174 | Gauntlet | Found a large runed translucent door.
 11174 | Gauntlet | Found a runed translucent door.
 11174 | Gauntlet | Found a runed translucent gate.
 11174 | Gauntlet | Found a transporter.
 11174 | Gauntlet | Found a transporter.
 11174 | Gauntlet | Found a runed translucent gate.
 11174 | Gauntlet | Found a transporter.
 11174 | Gauntlet | Found a transporter.
 11204 | Gauntlet | Found a transporter.
 11208 | Gauntlet | Noticed a hell beast
 11214 | Gauntlet | Found a transporter.
 11274 | Gauntlet | Found a runed translucent door.
 11275 | Gauntlet | Found a large runed translucent door.
 11275 | Gauntlet | Found a large runed translucent door.
 11275 | Gauntlet | Found a large runed translucent door.
 11275 | Gauntlet | Found a large runed translucent door.
 11276 | Gauntlet | Found a large runed translucent door.
 11276 | Gauntlet | Found a large runed translucent door.
 11277 | Gauntlet | Found a large runed translucent door.
 11277 | Gauntlet | Found a large runed translucent door.
 11281 | Gauntlet | Found a transporter.
 11293 | Gauntlet | Found a transporter.
 11307 | Gauntlet | Found a transporter.
 11317 | Gauntlet | Found a transporter.
 11332 | Gauntlet | Found a transporter.
 11338 | Gauntlet | Found a transporter.
 11361 | Gauntlet | Found a runed translucent gate.
 11453 | Gauntlet | Identified the +1 pair of gloves of the Onion {rElec rCorr
                  | Slay+2}
 11486 | Gauntlet | Killed a hell beast
 11520 | Gauntlet | Noticed a minotaur
 11532 | Gauntlet | Killed a minotaur
 11540 | Gauntlet | Identified the +1 robe of the Arena {*Slow rElec Str+6
                  | SInv}
 11540 | Gauntlet | Identified the +4 war axe of Distant Shores {pain, rElec
                  | rF+ rN+ Dex+3}
 12002 | Lair:1   | Reached skill level 1 in Invocations
 12480 | Lair:2   | Noticed a seven-headed hydra
 12489 | Lair:2   | Killed a ten-headed hydra
 12490 | Lair:2   | Reached skill level 15 in Axes
 12890 | Lair:2   | Noticed a skyshark
 12896 | Lair:2   | Killed a skyshark
 12897 | Lair:2   | Reached XP level 13. HP: 107/108 MP: 15/15
 13429 | Lair:3   | Reached skill level 5 in Invocations
 13634 | Lair:3   | Reached skill level 16 in Axes
 14158 | Lair:3   | Found a hole to the Spider Nest.
 14390 | Lair:3   | Found a staircase to the Swamp.
 14860 | Lair:4   | Found a staircase to the Slime Pits.
 14861 | Lair:4   | Found a viscous altar of Jiyva.
 14978 | Lair:4   | Reached XP level 14. HP: 104/115 MP: 19/19
 14987 | Lair:4   | Noticed Kirke
 14996 | Lair:4   | Killed Kirke
 15166 | Lair:4   | Reached skill level 17 in Axes
 15537 | Lair:4   | Found an ornate altar of the Wu Jian Council.
 15693 | Lair:5   | Entered Level 5 of the Lair of Beasts
 15905 | Lair:5   | Found a shimmering altar of Xom.
 16411 | Lair:5   | Reached skill level 10 in Armour
 16839 | Lair:5   | Reached skill level 18 in Axes
 16839 | Lair:5   | Reached skill level 1 in Dodging
 17574 | D:11     | Identified the +3 dagger "Hellblazer" {flame, rC+ Str+5}
 17785 | D:11     | Found a basalt altar of Yredelemnul.
 17794 | D:11     | Reached skill level 10 in Invocations
 17895 | D:11     | Noticed Grum
 17905 | D:11     | Killed Grum
 17906 | D:11     | Reached XP level 15. HP: 119/120 MP: 22/22
 18327 | D:11     | Upgraded the game from 0.30.0-5-g1a98f26d00 to
                  | 0.30.0-10-gfe55d96785
 18528 | D:12     | Found a staircase to the Orcish Mines.
 18548 | D:12     | HP: 6/120 [skeletal warrior/+0 morningstar (4)]
 19461 | D:12     | Found a hazy altar of Hepliaklqana.
 19680 | Orc:1    | Entered Level 1 of the Orcish Mines
 19860 | Orc:2    | Entered Level 2 of the Orcish Mines
 20201 | Orc:2    | Found a staircase to the Elven Halls.
 20672 | Orc:2    | Reached skill level 19 in Axes
 20972 | Orc:2    | Noticed a stone giant
 20980 | Orc:2    | Killed a stone giant
 21069 | Orc:2    | Found Pipiaz's Distillery.
 21079 | Orc:2    | Reached skill level 5 in Throwing
 21081 | Orc:2    | Bought a potion of lignification for 36 gold pieces
 21081 | Orc:2    | Bought a potion of curing for 36 gold pieces
 21081 | Orc:2    | Bought a potion of heal wounds for 60 gold pieces
 21103 | Orc:2    | Found Alloje's Armour Shop.
 21112 | Orc:2    | Reached skill level 5 in Dodging
 21179 | Orc:2    | Found Jiusegep's Weapon Shop.
 21525 | Orc:2    | Found Acusimyt's Armour Shoppe.
 22236 | D:13     | Reached XP level 16. HP: 117/127 MP: 23/23
 22301 | D:13     | Found a gate to the Vaults.
 23166 | D:14     | Reached skill level 20 in Axes
 23557 | D:15     | Entered Level 15 of the Dungeon
 23707 | D:15     | Found a frozen archway.
 23726 | IceCv    | Entered an ice cave
 23848 | IceCv    | Mangled by a spriggan defender simulacrum

Illustrated notes

Levels and vault maps discovered:
D:1:      scummos_arrival_star, layout_loops_ring, minmay_ruptured
D:2:      layout_loops_cross, grunt_decor_junction
D:3:      layout_basic, serial_shops, shop, st_stairs_12,
          kennysheep_cross_bottleneck, uniq_robin
D:4:      layout_basic, grunt_temple_overflow_growth_and_decay,
          minmay_temple_entry_drinking_statues, uniq_pikel, uniq_menkaure
D:5:      layout_gridville, minitemple, uniq_edmund, uniq_duvessa
D:6:      layout_rooms
D:7:      layout_layer_cave, serial_shops, shop, uniq_joseph
D:8:      layout_basic, kennysheep_slug_shrine, roderic_lattice_a
D:9:      layout_rooms, minmay_increasing_density
D:10:     layout_cave_pods, mainiacjoe_overflow_catwalk, jmf_multi_god_temple,
          erik_lair_orcish_takeover, uniq_harold, uniq_erica, uniq_lodul
D:11:     layout_roguey, interstate_on_off, nicolae_yredelemnul_corpse_copse,
          uniq_grum
D:12:     layout_loops_cross, erik_orc_4, nicolae_hepliaklqana_monster_ancestors
D:13:     layout_stronghold, david_vaults_2, lightli_fourway_metalbox
D:14:     layout_roguey
D:15:     grunt_enter_depths_snipers, layout_loops_corners,
          portal_ice_cave_entry_pillars_2
Temple:   compressed_dpeg_circular_temple
Lair:1:   layout_regular_city, gauntlet_entry_generic,
          infiniplex_staircase_pool_2
Lair:2:   layout_gridlike, minmay_lair_oklob_bushes, small_statue_intersection,
          serial_bayou_lagoon_a, guppyfry_lair_drakes
Lair:3:   layout_hall_layers, nicolae_swamp_entry_splash_gauntlet,
          nicolae_spider_entry_non_spiders, evilmike_ambush
          [evilmike_ambush_outer_basic, evilmike_ambush_inner_basic],
          infiniplex_staircase_pool, grunt_megastairs_3, lemuel_fruit_fields
Lair:4:   layout_roguey, slime_entry_1, lemuel_oklob_altar, grunt_megastairs_4,
          serial_bayou_shore_b, uniq_kirke
Lair:5:   guppyfry_lair_end_dragon, layout_hall_layers, basic_altar
Orc:1:    layout_diamond_mine
Orc:2:    hellmonk_orc_salted, layout_caves
IceCv:    ice_cave_small_necro

Skill      XL: |  1  2  3  4  5  6  7  8  9 10 11 12 13 14 15 16 |
---------------+-------------------------------------------------+-----
Axes           | 3 4 5 7 8 10 12 13 15 16 18 19 20 | 20.0
Fighting       | 4 5 6 7 8 9 11 12 | 12.0
Throwing       | 3 4 6 7 |  7.5
Shields        | 5 8 |  8.7
Armour         | 6 8 10 | 10.0
Invocations    | 3 7 10 | 10.0
Dodging        | 2 5 6 |  6.7

Action                     |  1- 3 |  4- 6 |  7- 9 | 10-12 | 13-15 | 16-18 || total
---------------------------+-------+-------+-------+-------+-------+-------++-------
  Melee: War axe           |   101 |   208 |   183 |   145 |       |       ||   637
         Battleaxe         |       |       |       |   291 |   659 |   112 ||  1062
         Dire flail        |       |       |       |       |       |     6 ||     6
  Throw: Boomerang         |     1 |    10 |    46 |    34 |   125 |     7 ||   223
         Dart              |       |     3 |     9 |     4 |       |       ||    16
         Javelin           |       |       |       |       |     5 |       ||     5
 Invoke: Grand Finale      |       |       |       |       |     3 |       ||     3
         Line Pass         |       |       |       |       |     1 |       ||     1
  Evoke: Wand              |       |       |     3 |     7 |     5 |       ||    15
    Use: Scroll            |       |     2 |     1 |     2 |     7 |     5 ||    17
         Potion            |       |       |       |     2 |     1 |     3 ||     6
   Stab: Paralysed         |       |       |       |    38 |   108 |    24 ||   170
         Petrified         |       |       |       |     1 |       |       ||     1
         Confused          |       |       |       |       |     1 |       ||     1
 Armour: Scale mail        |    60 |   120 |    66 |    96 |       |       ||   342
         Chain mail        |       |       |       |    44 |   282 |    49 ||   375
  Dodge: Dodged            |    34 |    87 |    55 |   128 |   158 |    34 ||   496
  Block: Buckler           |    23 |    54 |     7 |       |       |       ||    84
         Kite shield       |       |       |    85 |   285 |   357 |    67 ||   794
